AoeStats
← renesampaio

Arabia

510627053Analyzed
1v1 RM · 1d ago on Oct 1, 2026· 31m 16s· 2 players
Game mode
Random Map
Map size
Tiny (2 player)
Population
200
Speed
Normal
Resources
Standard
Victory
Conquest
Starting age
Dark Age
Ending age
Imperial Age
RankedLock teamsTeams togetherTeam positionsShared explorationLock speedFull tech treeHidden civsTurbo modeCheats
Victory
Defeat
🇨🇴 Persians · Colombia
910
+16
🇧🇷 Goths · Brazil
909
-16
renesampaio
3:32 Loom
13:02 Feudal Age
14:46 Wheelbarrow
14:09 Horse Collar
14:42 Double-Bit Axe
20:46 Castle Age
23:17 Hand Cart
24:42 Gold Mining
24:43 Stone Mining
31:15 Squires
PAN71226
6:39 Loom
9:14 Feudal Age
15:00 Double-Bit Axe
17:06 Gold Mining
17:10 Fletching
23:15 Castle Age
22:38 Forging
22:34 Scale Barding Armor
23:30 Bloodlines
24:47 Husbandry
24:58 Stone Mining
26:12 Town Watch
27:57 Crossbowman
29:00 Bodkin Arrow
30:51 Stone Shaft Mining
29:53 Pikeman
31:17 Gold Shaft Mining
Connection lost

Rejoining the realm…

Still unreachable

The connection could not be restored.

Session expired

The server has moved on; the page needs a fresh start.